 Dungeon Crawl Stone Soup version 0.32-a0-699-g1ee5eff69a (webtiles) character file.

Game seed: 1790728230772736584

985 Fodor the Cleaver (level 7, 0/63 HPs)
             Began as a Minotaur Fighter on Mar 13, 2024.
             Killed from afar by Dowan (5 damage)
             ... with a puff of flame
             ... on level 5 of the Dungeon.
             The game lasted 00:10:24 (3137 turns).

Fodor the Cleaver (Minotaur Fighter)                Turns: 3137, Time: 00:10:27

Health: 0/63       AC: 10    Str: 23    XL:     7   Next: 97%
Magic:  6/6        EV:  7    Int:  5    God:
Gold:   249        SH:  4    Dex:  9    Spells: 6/6 levels left

rFire   . . .        n - +7 consecrated labrys {holy, Valiant ^Fragile Fly SInv}
rCold   . . .        c - +0 buckler
rNeg    . . .        b - +0 chain mail
rPois   .            (helmet restricted)
rElec   .            (no cloak)
rCorr   .            (no gloves)
SInv    +            (no boots)
Will    .....        (no amulet) Stlth
                     (no ring)
HPRegen 0.30/turn    (no ring)
MPRegen 0.10/turn

%: no passive effects
@: lethally poisoned (0 -> -4), flying
A: horns 2, retaliatory headbutt
a: no special abilities


You were on level 5 of the Dungeon.
You visited 2 branches of the dungeon, and saw 6 of its levels.

You collected 249 gold pieces.

Inventory:

Hand Weapons
 n - the +7 consecrated labrys (weapon) {holy, Valiant ^Fragile Fly SInv}
   (You found it on level 2 of the Dungeon)

   Valiant:   It becomes more powerful as more dangerous foes come into view.
   SInv:      It lets you see invisible.
   Fly:       It grants you flight.
   ^Fragile:  It will be destroyed if unequipped.
 x - a +0 battleaxe
Armour
 b - a +0 chain mail (worn)
 c - a +0 buckler (worn)
Jewellery
 r - a +6 ring of strength
Talismans
 f - a serpent talisman
Wands
 v - a wand of digging (6)
 A - a wand of flame (16)
Scrolls
 a - a scroll of fear {unknown}
 e - 2 scrolls of identify {unknown}
 h - a scroll of immolation {unknown}
 i - 2 scrolls of enchant armour {unknown}
 l - a scroll of vulnerability {unknown}
 m - a scroll of torment {unknown}
 o - a scroll of teleportation {unknown}
 t - 3 scrolls of fog {unknown}
 y - a scroll of blinking {unknown}
 z - a scroll of acquirement {unknown}
Potions
 d - a potion of might
 g - a potion of cancellation {unknown}
 j - 2 potions of curing {unknown}
 k - 2 potions of enlightenment {unknown}
 p - a potion of ambrosia {unknown}
 q - 2 potions of haste {unknown}
 s - a potion of brilliance {unknown}
 u - 2 potions of lignification {unknown}
 w - a potion of magic {unknown}


   Skills:
 + Level 6.1 Fighting
 + Level 8.0 Axes
 + Level 5.7 Armour
 + Level 1.5 Dodging
 + Level 1.2 Stealth
 + Level 4.6 Shields


You had 6 spell levels left.
You didn't know any spells.
Your spell library contained the following spells:

 Spells                   Type           Power      Damage    Failure   Level
 Kiss of Death            Conj/Necr      0%         2d5       98%         1
 Confusing Touch          Hex            0%         N/A       100%        3
 Summon Ice Beast         Ice/Summ       0%         N/A       100%        3
 Dispel Undead            Necr           0%         3d6       100%        4
 Summon Mana Viper        Hex/Summ       0%         N/A       100%        5
 Monstrous Menagerie      Summ           0%         N/A       100%        7


Dungeon Overview and Level Annotations

Branches:
Dungeon (5/15)             Temple (1/1) D:4

Altars:
Ashenzari
Cheibriados
Dithmenos
Fedhas
Hepliaklqana
Kikubaaqudgha
Makhleb
Nemelex Xobeh
Qazlal
Trog
Uskayaw
Vehumet
Wu Jian
Xom
Zin

Shops:
D:4 (

Annotations:
D:5 Dowan


Innate Abilities, Weirdness & Mutations

You have a pair of horns on your head.
You reflexively headbutt those who attack you in melee.


Message History

You feel very sick. Dowan closely misses you.
Your Axes skill increases to level 8!
Unknown command.
You slash Dowan! Your headbutt misses Dowan.
Dowan is almost dead.
You feel sick.
Dowan gestures wildly while chanting.
Dowan blinks!
Dowan breathes, "And she was my only..."
You feel sick.
Dowan mumbles some strange words.
Dowan blinks!
You feel sick.
Dowan says, "Her death will not be in vain!"
Dowan zaps a wand.
The puff of flame hits you.
You feel sick.
Dowan zaps a wand.
The puff of flame hits you! Dowan barely misses you.
You miss Dowan. Your headbutt misses Dowan.
Dowan is almost dead.
You feel sick.
Dowan zaps a wand.
The puff of flame hits you!
You closely miss Dowan.
Dowan is almost dead.
You feel sick.
You are no longer poisoned.
You block Dowan's attack. x2
You closely miss Dowan. Your headbutt misses Dowan.
Dowan is almost dead.
Dowan zaps a wand.
The puff of flame hits you.
* * * LOW HITPOINT WARNING * * *
Dowan hits you with a +2 dagger of venom.
* * * LOW HITPOINT WARNING * * *
You are poisoned.
You barely miss Dowan. Your headbutt misses Dowan.
Dowan is almost dead.
You feel very sick.
Dowan zaps a wand.
The puff of flame hits you.
* * * LOW HITPOINT WARNING * * *
Dowan zaps a wand.
The puff of flame hits you.
You die...

#.......###.... .#.
..##......#.###.. ..
..............#.. #.
#.........>...#### ..
#.###......^..#####
...##.............#
.........##.......###
.......).......#..#.##
#..@e.#..#.....#
##....##..#....##
#.....##.....###
....?..#........#
..#..###........# ..
#.. ###......# . ##.
####..## .. ####


You could see Dowan (fast).

Vanquished Creatures
  Duvessa (D:5)
  2 ice beasts (D:5)
  2 phantoms
  A scorpion (D:5)
  4 orc priests
  3 hounds
  A jelly (D:4)
  A sleepcap (D:3)
  8 adders
  3 gnolls (D:4)
  A white imp (D:5)
  4 dart slugs
  A ribbon worm (D:3)
  15 orcs
  3 endoplasms
  4 giant cockroaches
  9 goblins
  7 hobgoblins
  3 jackals (D:1)
  16 kobolds
  5 quokkas
  9 ball pythons
  7 bats
  2 frilled lizards (D:1)
  7 rats
119 creatures vanquished.

Notes
Turn   | Place    | Note
-------+----------+-------------------------------------------
     0 | D:1      | Fodor the Minotaur Fighter began the quest for the Orb.
     0 | D:1      | Reached XP level 1. HP: 19/19 MP: 0/0
    75 | D:1      | Reached skill level 3 in Axes
    75 | D:1      | Reached XP level 2. HP: 25/27 MP: 1/1
   246 | D:1      | Reached XP level 3. HP: 31/34 MP: 2/2
   728 | D:2      | Found the +4 consecrated labrys {holy, Valiant ^Fragile Fly
                  | SInv}
   949 | D:2      | Reached skill level 4 in Axes
   949 | D:2      | Reached XP level 4. HP: 41/41 MP: 3/3
  1556 | D:3      | Reached XP level 5. HP: 42/47 MP: 4/4
  1557 | D:3      | Reached skill level 5 in Axes
  1908 | D:3      | Found a glowing silver altar of Zin.
  2097 | D:4      | Reached skill level 5 in Fighting
  2097 | D:4      | Reached XP level 6. HP: 53/56 MP: 5/5
  2327 | D:4      | Reached skill level 1 in Dodging
  2427 | D:4      | Found a staircase to the Ecumenical Temple.
  2440 | Temple   | Entered the Ecumenical Temple
  2499 | D:4      | Reached skill level 6 in Axes
  2531 | D:4      | Found Jeimoun's Weapon Shop.
  2537 | D:4      | Found a radiant altar of Vehumet.
  2812 | D:4      | Found an ornate altar of the Wu Jian Council.
  2853 | D:5      | Entered Level 5 of the Dungeon
  2859 | D:5      | Reached skill level 1 in Stealth
  2859 | D:5      | Noticed an ice beast
  2861 | D:5      | Reached XP level 7. HP: 61/61 MP: 6/6
  2865 | D:5      | Reached skill level 7 in Axes
  2865 | D:5      | Reached skill level 5 in Armour
  3122 | D:5      | Noticed Duvessa
  3124 | D:5      | Noticed Dowan
  3129 | D:5      | Killed Duvessa
  3130 | D:5      | Reached skill level 8 in Axes
  3137 | D:5      | Killed from afar by Dowan

Illustrated notes

Levels and vault maps discovered:
D:1:      dpeg_arrival_court, layout_rooms, dreamdust_princess_corridor,
          hex_tiny
D:2:      layout_loops_ring, minmay_tromino_v4_a
D:3:      layout_loops_ring, zin_treasury, minmay_stone_trees_medium,
          grunt_ministairs_1
D:4:      layout_basic, pdpol_wu_jian_five_deadly_venoms, vehumet_altar_wand_db,
          temple_pool_b, serial_shops, shop
D:5:      layout_cave_pools, uniq_duvessa
Temple:   hellmonk_temple_forest_ring

Skill      XL: |  1  2  3  4  5  6  7 |
---------------+----------------------+-----
Axes           | 3 4 5 6 8 |  8.0
Fighting       | 4 5 6 |  6.1
Armour         | 4 5 |  5.7
Shields        | 4 |  4.6
Dodging        | 1 |  1.5
Stealth        | 1 |  1.2

Action                     |  1- 3 |  4- 6 |  7- 9 || total
---------------------------+-------+-------+-------++-------
  Melee: War axe           |    72 |       |       ||    72
         Headbutt          |     8 |     8 |     5 ||    21
         Labrys            |    14 |    95 |    40 ||   149
 Armour: Scale mail        |    72 |       |       ||    72
         Chain mail        |    10 |    82 |    46 ||   138
  Dodge: Dodged            |    56 |    34 |    14 ||   104
  Block: Buckler           |    26 |    28 |    12 ||    66

Table legend: (Time is in decaauts)
 A = Elapsed time spent in this place.
 B = Non-inter-level travel time spent in this place.
 C = Inter-level travel time spent in this place.
 D = Time resting spent in this place.
 E = Time spent auto-exploring this place.
 F = Levels seen in this place.
 G = Mean time per level.
                   A        B        C        D        E       F      G
               +--------+--------+--------+--------+--------+-----+--------+
         Total |   3214 |   3135 |     79 |     85 |   1966 |   6 |  535.7 |
       Dungeon |   3178 |   3099 |     79 |     85 |   1966 |   5 |  635.6 |
        Temple |     35 |     35 |      0 |      0 |      0 |   1 |   35.0 |
               +--------+--------+--------+--------+--------+-----+--------+

Top non-repeatable levels by time:
     D:2: 786 daAuts
     D:4: 784 daAuts
     D:3: 714 daAuts
     D:1: 599 daAuts
     D:5: 294 daAuts
  Temple: 35 daAuts
